Map: Kairos Junction LE

Players

Harstem

  • Race: Protoss Protoss
  • League: Grandmaster
  • Spawn Location: 5:00

soO - Winner!

  • Race: Zerg Zerg
  • Spawn Location: 11:00

Event: HomeStory Cup XIX

VOD

Have the link to the VOD?

Description

Time

  • Played on: June 29, 2019, 12:20 p.m.
  • Length: 7:03

All games in this series

Show
View Real Time Build Order
Export as new Build Order

Harstem Protoss 

Build Orders:  

Get SALT Encoding   

  12  0:00  Probe  
  13  0:12  Probe  
  14  0:18  Pylon  
  14  0:24  Probe  
  15  0:28  Assimilator  
  15  0:32  Probe  
  15  0:40  Probe  
  16  0:47  Gateway  
  17  0:51  Probe  
  18  1:03  Probe  
  19  1:15  Probe  
  20  1:26  Zealot  
  20  1:27  Probe, Pylon  
  21  1:35  Cybernetics Core  
  23  1:45  Probe  
  26  1:59  Probe  
  25  2:04  Adept  
  25  2:14  Nexus  
  27  2:18  Warp Gate  
  27  2:19  Assimilator  
  27  2:21  Probe  
  30  2:37  Robotics Facility  
  30  2:38  Probe  
  30  2:43  Pylon  
  29  2:49  Stalker  
  31  3:01  Probe  
  32  3:11  Twilight Council  
  32  3:14  Probe, Warp Prism  
  33  3:26  Probe  
  36  3:29  Probe  
  37  3:40  Immortal  
  38  3:41  Probe  
  38  3:48  Charge  
  38  3:53  Probe  
  43  4:06  Gateway  
  43  4:10  Immortal  
  47  4:26  Gateway  
  47  4:28  Gateway  
  47  4:31  Gateway  
  47  4:33  Gateway  
  47  4:39  Gateway  
  47  4:45  Gateway  
  47  4:47  Pylon  
  47  4:53  Zealot  
  47  4:58  Pylon  
  49  5:05  Pylon  
  49  5:11  Pylon  
  49  5:21  Zealot  
  49  5:22  Zealot x2  
  49  5:23  Zealot  
  49  5:27  Zealot  
  49  5:28  Zealot  
  61  5:34  Zealot  
  63  5:37  Zealot x2  
  63  5:40  Pylon x2  
  63  5:41  Zealot  
  69  5:42  Zealot  
  71  5:55  Zealot x3  
  67  5:58  Zealot x2  
  67  6:02  Zealot  
  55  6:09  Zealot x2  
  45  6:21  Zealot x4  
  49  6:28  Zealot x2  
  49  6:32  Zealot  
  55  6:40  Zealot  
  57  6:58  Zealot x4  
Show
View Real Time Build Order
Export as new Build Order

soO Zerg - Winner!

Build Orders: 3 Hatch before Pool 

Get SALT Encoding   

  12  0:00  Drone  
  13  0:12  Overlord  
  13  0:17  Drone  
  14  0:30  Drone x2  
  14  0:33  Drone  
  17  0:51  Hatchery  
  17  0:55  Drone  
  17  0:59  Drone  
  18  1:19  Hatchery  
  18  1:22  Drone  
  18  1:25  Drone  
  19  1:36  Extractor  
  18  1:40  Spawning Pool  
  18  1:42  Drone  
  18  1:46  Drone  
  19  1:51  Drone  
  20  2:01  Drone  
  20  2:07  Drone  
  23  2:12  Drone, Hatchery  
  23  2:20  Drone  
  24  2:24  Overlord  
  24  2:28  Queen  
  26  2:31  Queen  
  26  2:35  Extractor  
  26  2:36  Drone  
  28  2:44  Metabolic Boost, Drone  
  29  2:46  Drone  
  29  2:48  Drone  
  31  2:54  Drone  
  31  2:55  Overlord  
  31  2:56  Extractor  
  31  2:58  Drone  
  33  3:08  Queen  
  33  3:12  Drone  
  36  3:14  Drone  
  36  3:17  Zergling x2  
  36  3:19  Zergling x2  
  39  3:25  Drone x2  
  41  3:27  Queen  
  41  3:30  Drone  
  44  3:36  Drone  
  44  3:37  Drone  
  44  3:38  Drone, Overlord  
  44  3:39  Zergling x2  
  44  3:40  Drone x2  
  50  3:43  Overlord  
  50  3:52  Lair, Overlord  
  50  3:55  Queen  
  50  3:57  Drone  
  50  4:00  Drone x2  
  50  4:02  Drone  
  56  4:09  Drone x2  
  58  4:11  Extractor  
  58  4:14  Roach Warren  
  58  4:15  Extractor  
  58  4:16  Zergling x2  
  56  4:18  Drone x2  
  56  4:19  Drone  
  56  4:20  Drone x2  
  56  4:22  Drone  
  62  4:26  Overlord  
  62  4:29  Zergling x2  
  62  4:30  Zergling x2  
  64  4:31  Overlord  
  64  4:37  Overlord  
  64  4:43  Zergling x4  
  64  4:44  Overlord  
  66  4:49  Overseer x2  
  66  4:54  Roach x5  
  76  5:01  Overlord  
  76  5:05  Glial Reconstitution  
  76  5:07  Drone  
  76  5:08  Drone  
  76  5:10  Overlord  
  76  5:12  Roach x2  
  81  5:14  Roach  
  81  5:15  Zergling x8  
  81  5:20  Overlord  
  87  5:22  Zergling x4  
  87  5:25  Ravager  
  87  5:26  Zergling x2  
  91  5:31  Zergling x6, Roach x2  
  98  5:41  Roach x3  
  104  5:43  Roach  
  104  5:53  Roach x3  
  104  5:54  Zergling x6  
  104  5:55  Roach  
  103  5:57  Queen  
  103  5:58  Queen  
  103  6:02  Roach  
  103  6:06  Roach x2  
  103  6:08  Roach  
  103  6:10  Zergling x4  
  103  6:12  Zergling x2  
  98  6:23  Roach x3  
  103  6:28  Roach  
  103  6:30  Extractor  
  103  6:32  Roach x2  
  108  6:38  Roach  
  110  6:44  Overlord  
Tags
 
Add a new tag
Caveats
  • Supply blocks, unpowered buildings, or Contaminate may cause inaccurate times.
  • Supply counts are checked every 10 seconds.